APP
BLUEFIELD BLUE JAYS @ SEATTLE (APP) MARINERS
06/25/2049
 
TOP OF THE 1ST
Bluefield Blue Jays batting - Pitching for Seattle (APP) Mariners : LHP Ramiro Aguilar
Pitching: LHP Ramiro Aguilar
Batting: LHB Jessie Stewart 0-0: SINGLE (Groundball, 34D, EV 102.5 MPH)
Batting: SHB Toby Patenaude 0-0: Called Strike
0-1: Ball
1-1: TRIPLE (Flyball, 78XD, EV 90.0 MPH)
Jessie Stewart scores
Batting: RHB Mark Noftall 0-0: Called Strike
0-1: Foul Ball, location: 2F
0-2: Ball
1-2: Ball
2-2: Foul Ball, location: 2F
2-2: Ball
3-2: Base on Balls
Batting: RHB Cedric Nicholls 0-0: Foul Ball, location: 2F
0-1: Ball
1-1: Swinging Strike
1-2: Grounds into double play, 4-6-3 (Groundball, 34S, EV 81.9 MPH)
Toby Patenaude scores
Batting: RHB Benedikt Fleischmann 0-0: Foul Ball, location: 2F
0-1: Ground out 6-3 (Groundball, 6, EV 80.6 MPH)
Top of the 1st over - 2 runs, 2 hits, 0 errors, 0 left on base; Bluefield 2 - Seattle (APP) 0
BOTTOM OF THE 1ST
Seattle (APP) Mariners batting - Pitching for Bluefield Blue Jays : RHP Bradley Carriere
Pitching: RHP Bradley Carriere
Batting: RHB Joaquin Salazar 0-0: SINGLE (Groundball, 4MD, EV 94.4 MPH)
Batting: RHB Eddie Luna 0-0: Ball
1-0: Called Strike
Joaquin Salazar steals 2nd base (no throw)
1-1: Called Strike
1-2: Foul Ball, location: 2F
1-2: Strikes out swinging
Batting: LHB William Gonzales 0-0: Called Strike
0-1: Ball
1-1: Ball
2-1: Foul Ball, location: 2F
2-2: Fly out, F9 (Flyball, 9LS, EV 90.0 MPH)
Batting: RHB Rich Griffith 0-0: Ball
1-0: SINGLE (Groundball, 5S, EV 61.2 MPH) (infield hit)
Joaquin Salazar to third
Batting: RHB Ross Hallock 0-0: Ball
1-0: Swinging Strike
1-1: Swinging Strike
1-2: SINGLE (Flyball, 56D, EV 93.8 MPH)
Joaquin Salazar scores
Rich Griffith to second
Batting: RHB Victor Rosas 0-0: Ball
1-0: Called Strike
1-1: Fly out, F8 (Flyball, 78D, EV 94.4 MPH)
Bottom of the 1st over - 1 run, 3 hits, 0 errors, 2 left on base; Bluefield 2 - Seattle (APP) 1
TOP OF THE 2ND
Bluefield Blue Jays batting - Pitching for Seattle (APP) Mariners : LHP Ramiro Aguilar
Batting: RHB Tom Bergman 0-0: Swinging Strike
0-1: Ball
1-1: Called Strike
1-2: Ball
2-2: Foul Ball, location: 2F
2-2: Ball
3-2: Strikes out swinging
Batting: RHB Lewis O'Connell 0-0: Called Strike
0-1: Ball
1-1: Called Strike
1-2: Ball
2-2: Strikes out swinging
Batting: RHB Jerry Perez 0-0: Called Strike
0-1: Called Strike
0-2: Foul Ball, location: 2F
0-2: Ball
1-2: Strikes out swinging
Top of the 2nd over - 0 runs, 0 hits, 0 errors, 0 left on base; Bluefield 2 - Seattle (APP) 1
BOTTOM OF THE 2ND
Seattle (APP) Mariners batting - Pitching for Bluefield Blue Jays : RHP Bradley Carriere
Batting: LHB Garrett Dodge 0-0: Called Strike
0-1: Ball
1-1: Ground out U3 (Groundball, 34, EV 78.1 MPH)
Batting: RHB Ziven Badersky 0-0: Ball
1-0: Ball
2-0: SINGLE (Groundball, 56D, EV 94.4 MPH)
Batting: RHB Tristan Martin 0-0: Ball
1-0: Foul Ball, location: 2F
1-1: Foul Ball, location: 2F
1-2: Strikes out looking
Batting: RHB Joaquin Salazar 0-0: Ball
1-0: Foul Ball, location: 2F
1-1: Ball
2-1: Ball
3-1: Base on Balls
Ziven Badersky to second
Batting: RHB Eddie Luna 0-0: Swinging Strike
0-1: Ball
1-1: Ball
2-1: DOUBLE (Flyball, 8RXD, EV 108.1 MPH)
Ziven Badersky scores
Joaquin Salazar to third
Runner from 3rd tries for Home, SAFE, no throw by CF
Batting: LHB William Gonzales 0-0: 2-RUN HOME RUN (Flyball, 7LD, EV 93.8 MPH), Distance : 347 ft
Batting: RHB Rich Griffith 0-0: Fly out, F7 (Flyball, 7D, EV 89.4 MPH)
Bottom of the 2nd over - 4 runs, 3 hits, 0 errors, 0 left on base; Bluefield 2 - Seattle (APP) 5
TOP OF THE 3RD
Bluefield Blue Jays batting - Pitching for Seattle (APP) Mariners : LHP Ramiro Aguilar
Batting: SHB Miguel Sano Jr. 0-0: Fly out, F8 (Flyball, 8RM, EV 90.0 MPH)
Batting: LHB Jessie Stewart 0-0: Called Strike
0-1: Called Strike
0-2: Ground out U3 (Groundball, 34, EV 91.2 MPH)
Batting: SHB Toby Patenaude 0-0: Ball
1-0: Ball
2-0: Ball
3-0: Called Strike
3-1: Base on Balls
Batting: RHB Mark Noftall 0-0: Called Strike
0-1: Fly out, F9 (Line Drive, 9S, EV 92.5 MPH)
Top of the 3rd over - 0 runs, 0 hits, 0 errors, 1 left on base; Bluefield 2 - Seattle (APP) 5
BOTTOM OF THE 3RD
Seattle (APP) Mariners batting - Pitching for Bluefield Blue Jays : RHP Bradley Carriere
Batting: RHB Ross Hallock 0-0: Called Strike
0-1: Foul Ball, location: 2F
0-2: Ball
1-2: Foul Ball, location: 2F
1-2: Fly out, F8 (Flyball, 8LM, EV 88.1 MPH)
Batting: RHB Victor Rosas 0-0: Hit by Pitch
Batting: LHB Garrett Dodge 0-0: Ball
Victor Rosas steals 2nd base
1-0: Fly out, F8 (Flyball, 8RD, EV 98.8 MPH)
Batting: RHB Ziven Badersky 0-0: Ball
1-0: Ball
2-0: Called Strike
2-1: Ball
3-1: Fly out, F9 (Flyball, 9LS, EV 70.0 MPH)
Bottom of the 3rd over - 0 runs, 0 hits, 0 errors, 1 left on base; Bluefield 2 - Seattle (APP) 5
TOP OF THE 4TH
Bluefield Blue Jays batting - Pitching for Seattle (APP) Mariners : LHP Ramiro Aguilar
Batting: RHB Cedric Nicholls 0-0: Swinging Strike
0-1: Swinging Strike
0-2: Foul Ball, location: 2F
0-2: Strikes out swinging
Batting: RHB Benedikt Fleischmann 0-0: Called Strike
0-1: DOUBLE (Groundball, 5L, EV 105.0 MPH)
Batting: RHB Tom Bergman 0-0: Called Strike
0-1: Ball
1-1: Foul Ball, location: 2F
1-2: Strikes out looking
Batting: RHB Lewis O'Connell 0-0: Foul Ball, location: 2F
0-1: Called Strike
0-2: Ball
1-2: SINGLE (Line Drive, 8LS, EV 103.1 MPH)
Benedikt Fleischmann to third
Runner from 3rd tries for Home, SAFE, throw by CF to home
Batting: RHB Jerry Perez 0-0: Ball
1-0: Foul Ball, location: 2F
1-1: Swinging Strike
1-2: Strikes out swinging
Top of the 4th over - 1 run, 2 hits, 0 errors, 1 left on base; Bluefield 3 - Seattle (APP) 5
BOTTOM OF THE 4TH
Seattle (APP) Mariners batting - Pitching for Bluefield Blue Jays : RHP Bradley Carriere
Batting: RHB Tristan Martin 0-0: Ball
1-0: Ball
2-0: Ball
3-0: Called Strike
3-1: Ground out 4-3 (Groundball, 4MS, EV 88.8 MPH)
Batting: RHB Joaquin Salazar 0-0: Foul Ball, location: 2F
0-1: Ball
1-1: Foul Ball, location: 2F
1-2: Ball
2-2: Foul Ball, location: 2F
2-2: Foul Ball, location: 2F
2-2: Foul Ball, location: 2F
2-2: Ball
3-2: Strikes out looking
Batting: RHB Eddie Luna 0-0: Called Strike
0-1: Ball
1-1: Foul Ball, location: 2F
1-2: Strikes out looking
Bottom of the 4th over - 0 runs, 0 hits, 0 errors, 0 left on base; Bluefield 3 - Seattle (APP) 5
TOP OF THE 5TH
Bluefield Blue Jays batting - Pitching for Seattle (APP) Mariners : LHP Ramiro Aguilar
Batting: SHB Miguel Sano Jr. 0-0: DOUBLE (Flyball, 89D, EV 102.5 MPH)
Batting: LHB Jessie Stewart 0-0: Ball
1-0: Foul Ball, location: 2F
1-1: Ball
2-1: Foul Ball, location: 2F
2-2: Foul Ball, location: 2F
2-2: Strikes out swinging
Batting: SHB Toby Patenaude 0-0: Ball
1-0: Swinging Strike
1-1: Ground out 5-3 (Groundball, 56, EV 103.8 MPH)
Batting: RHB Mark Noftall 0-0: Called Strike
0-1: Ball
1-1: Foul Ball, location: 2F
1-2: Ball
2-2: Ball
3-2: Base on Balls
Batting: RHB Cedric Nicholls 0-0: Ball
1-0: Ground out 4-3 (Groundball, 4, EV 89.4 MPH)
Top of the 5th over - 0 runs, 1 hit, 0 errors, 2 left on base; Bluefield 3 - Seattle (APP) 5
BOTTOM OF THE 5TH
Seattle (APP) Mariners batting - Pitching for Bluefield Blue Jays : RHP Bradley Carriere
Pitching: RHP Jordan Wyatt
Batting: LHB William Gonzales 0-0: Ball
1-0: Ball
2-0: Foul Ball, location: 2F
2-1: Ball
3-1: Base on Balls
Batting: RHB Rich Griffith 0-0: Ball
1-0: Fly out, F8 (Flyball, 8RD, EV 101.9 MPH)
Batting: RHB Ross Hallock 0-0: Called Strike
0-1: Ball
1-1: Fielders Choice at 2nd, 4-6 (Groundball, 4, EV 81.2 MPH)
Batting: RHB Victor Rosas 0-0: Ball
1-0: Fielders Choice at 2nd, 5-4 (Groundball, 56, EV 85.0 MPH)
Bottom of the 5th over - 0 runs, 0 hits, 0 errors, 1 left on base; Bluefield 3 - Seattle (APP) 5
TOP OF THE 6TH
Bluefield Blue Jays batting - Pitching for Seattle (APP) Mariners : LHP Ramiro Aguilar
Pitching: RHP Paul Cahill
Batting: RHB Benedikt Fleischmann 0-0: Called Strike
0-1: Ball
1-1: SINGLE (Line Drive, 56, EV 102.5 MPH)
Batting: LHB Edwin Esparza 0-0: Called Strike
0-1: Ball
1-1: Called Strike
Benedikt Fleischmann steals 2nd base (no throw)
1-2: Foul Ball, location: 2F
1-2: Strikes out swinging
Batting: RHB Lewis O'Connell 0-0: Ball
1-0: Swinging Strike
1-1: Ball
Benedikt Fleischmann steals 3rd base
2-1: Ball
3-1: Base on Balls
Pinch Hitting: RHB Jim Sabin 0-0: Foul Ball, location: 2F
0-1: Foul Ball, location: 2F
0-2: SINGLE (Groundball, 6D, EV 103.1 MPH)
Benedikt Fleischmann scores
Lewis O'Connell to second
Batting: SHB Miguel Sano Jr. 0-0: Called Strike
0-1: Swinging Strike
Passed Ball!
Lewis O'Connell to third
Jim Sabin to second
0-2: Strikes out swinging
Batting: LHB Jessie Stewart 0-0: Foul Ball, location: 2F
0-1: Ball
1-1: Ball
2-1: Called Strike
2-2: Strikes out looking
Top of the 6th over - 1 run, 2 hits, 0 errors, 2 left on base; Bluefield 4 - Seattle (APP) 5
BOTTOM OF THE 6TH
Seattle (APP) Mariners batting - Pitching for Bluefield Blue Jays : RHP Jordan Wyatt
Now at 3B: Hanley Hernandez
Batting: LHB Garrett Dodge 0-0: Called Strike
0-1: Ball
1-1: SINGLE (Flyball, 8LS, EV 86.9 MPH)
Batting: RHB Ziven Badersky 0-0: Ball
Garrett Dodge steals 2nd base
1-0: Ball
2-0: Ground out 3-1 (Groundball, 34S, EV 81.9 MPH)
Garrett Dodge to third
Batting: RHB Tristan Martin 0-0: Foul Ball, location: 2F
0-1: Ground out 6-3 (Groundball, 6, EV 106.9 MPH)
Batting: RHB Joaquin Salazar 0-0: Ball
1-0: Foul Ball, location: 2F
1-1: Ball
2-1: Foul Ball, location: 2F
2-2: Foul Ball, location: 2F
2-2: DOUBLE (Flyball, 8LD, EV 106.2 MPH)
Garrett Dodge scores
Batting: RHB Eddie Luna 0-0: Foul Ball, location: 2F
0-1: Foul Ball, location: 2F
0-2: Strikes out swinging
Bottom of the 6th over - 1 run, 2 hits, 0 errors, 1 left on base; Bluefield 4 - Seattle (APP) 6
TOP OF THE 7TH
Bluefield Blue Jays batting - Pitching for Seattle (APP) Mariners : RHP Paul Cahill
Batting: SHB Toby Patenaude 0-0: Ball
1-0: Ground out 4-3 (Groundball, 4, EV 95.6 MPH)
Batting: RHB Mark Noftall 0-0: Ball
1-0: Ball
2-0: Called Strike
2-1: Foul Ball, location: 2F
2-2: Ball
3-2: Strikes out looking
Batting: RHB Cedric Nicholls 0-0: Called Strike
0-1: Called Strike
0-2: Ball
1-2: Ball
2-2: Ball
3-2: Strikes out looking
Top of the 7th over - 0 runs, 0 hits, 0 errors, 0 left on base; Bluefield 4 - Seattle (APP) 6
BOTTOM OF THE 7TH
Seattle (APP) Mariners batting - Pitching for Bluefield Blue Jays : RHP Jordan Wyatt
Batting: LHB William Gonzales 0-0: Ball
1-0: Ball
2-0: Ball
3-0: Called Strike
3-1: Base on Balls
Batting: RHB Rich Griffith 0-0: Ball
1-0: Called Strike
1-1: Foul Ball, location: 2F
1-2: Foul Ball, location: 2F
1-2: Foul Ball, location: 2F
1-2: Strikes out swinging
Batting: RHB Ross Hallock 0-0: Ball
1-0: Fly out, F7 (Flyball, 7D, EV 100.0 MPH)
Batting: RHB Victor Rosas 0-0: Swinging Strike
0-1: Swinging Strike
0-2: Ball
1-2: Ball
2-2: DOUBLE (Flyball, 89D, EV 108.8 MPH)
William Gonzales to third
Runner from 3rd tries for Home, SAFE, throw by CF to trailing runner, OUT at third! 8-3-5
Bottom of the 7th over - 1 run, 1 hit, 0 errors, 0 left on base; Bluefield 4 - Seattle (APP) 7
TOP OF THE 8TH
Bluefield Blue Jays batting - Pitching for Seattle (APP) Mariners : RHP Paul Cahill
Pitching: RHP Yen-nien Luo
Batting: RHB Benedikt Fleischmann 0-0: Ball
1-0: SINGLE (Groundball, 56S, EV 73.1 MPH) (infield hit)
Batting: LHB Edwin Esparza 0-0: Ball
1-0: Called Strike
1-1: Foul Ball, location: 2F
1-2: Ball
2-2: TRIPLE (Line Drive, 8RXD, EV 106.9 MPH)
Benedikt Fleischmann scores
Batting: RHB Lewis O'Connell 0-0: Ball
1-0: Ball
2-0: Ball
3-0: Base on Balls
Batting: RHB Hanley Hernandez 0-0: Ball
1-0: Foul Ball, location: 2F
1-1: Ball
2-1: Ball
3-1: Base on Balls
Lewis O'Connell to second
Batting: SHB Miguel Sano Jr. 0-0: Ball
1-0: Ball
2-0: Called Strike
2-1: Swinging Strike
2-2: Strikes out looking
Batting: LHB Jessie Stewart 0-0: DOUBLE (Line Drive, 7LS, EV 93.1 MPH)
Edwin Esparza scores
Lewis O'Connell scores
Hanley Hernandez to third
Runner from 3rd tries for Home, SAFE, throw by LF to home
Pitching: RHP Bryce Blanksby
Batting: SHB Toby Patenaude 0-0: Ball
Wild Pitch!
Jessie Stewart to third
1-0: Ball
2-0: Swinging Strike
2-1: Ball
3-1: Foul Ball, location: 2F
3-2: Base on Balls
Batting: RHB Mark Noftall 0-0: SINGLE (Flyball, 3D, EV 88.1 MPH)
Jessie Stewart scores
Toby Patenaude to second
Batting: RHB Cedric Nicholls 0-0: Swinging Strike
0-1: Ball
1-1: Ball
2-1: Foul Ball, location: 2F
2-2: Foul Ball, location: 2F
2-2: Ball
3-2: Grounds into double play, 5-4-3 (Groundball, 5, EV 89.4 MPH)
Top of the 8th over - 5 runs, 4 hits, 0 errors, 1 left on base; Bluefield 9 - Seattle (APP) 7
BOTTOM OF THE 8TH
Seattle (APP) Mariners batting - Pitching for Bluefield Blue Jays : RHP Jordan Wyatt
Pitching: LHP Antoine Herndon
Pinch Hitting: RHB Carlton McDonald 0-0: Called Strike
0-1: Ground out 6-3 (Groundball, 56D, EV 95.0 MPH)
Pitching: RHP Victor Ortiz
Pinch Hitting: LHB Yoshihisa Kobayashi 0-0: Called Strike
0-1: Swinging Strike
0-2: Ball
1-2: Strikes out swinging
Pinch Hitting: SHB Frank Amato 0-0: Swinging Strike
0-1: Swinging Strike
0-2: Strikes out looking
Bottom of the 8th over - 0 runs, 0 hits, 0 errors, 0 left on base; Bluefield 9 - Seattle (APP) 7
TOP OF THE 9TH
Bluefield Blue Jays batting - Pitching for Seattle (APP) Mariners : RHP Bryce Blanksby
Now at 3B: Yoshihisa Kobayashi
Now in LF: Prince Nunley
Now in RF: Carlton McDonald
Batting: RHB Benedikt Fleischmann 0-0: Called Strike
0-1: Foul Ball, location: 2F
0-2: Ball
1-2: SINGLE (Groundball, 6MD, EV 103.8 MPH)
Batting: LHB Edwin Esparza 0-0: Sac Bunt to 23 - play at first, batter OUT! 3-4
Benedikt Fleischmann to second
Batting: RHB Lewis O'Connell 0-0: Intentional Walk
Batting: RHB Hanley Hernandez 0-0: Swinging Strike
0-1: Ball
1-1: Foul Ball, location: 2F
1-2: Grounds into double play, 5-4-3 (Groundball, 56, EV 81.9 MPH)
Top of the 9th over - 0 runs, 1 hit, 0 errors, 1 left on base; Bluefield 9 - Seattle (APP) 7
BOTTOM OF THE 9TH
Seattle (APP) Mariners batting - Pitching for Bluefield Blue Jays : RHP Victor Ortiz
Pitching: RHP Chris Mansfield
Batting: RHB Joaquin Salazar 0-0: Ball
1-0: Ball
2-0: Swinging Strike
2-1: Foul Ball, location: 2F
2-2: Ball
3-2: Strikes out swinging
Batting: RHB Eddie Luna 0-0: Called Strike
0-1: Ball
1-1: Foul Ball, location: 2F
1-2: Hit by Pitch
Batting: LHB William Gonzales 0-0: Fly out, F8 (Flyball, 78M, EV 89.4 MPH)
Batting: RHB Rich Griffith 0-0: Called Strike
0-1: Swinging Strike
0-2: Strikes out swinging, 2-3 out at first.
Bottom of the 9th over - 0 runs, 0 hits, 0 errors, 1 left on base; Bluefield 9 - Seattle (APP) 7
Sunday, July 16th , 2023 - OOTP Baseball 24.6 Build 69